 Dungeon Sprint DCSS version 0.19.4 (webtiles) character file.

277 Hoebsumo the Blocker (level 6, -3/61 HPs)
             Began as a Minotaur Fighter on Jan 31, 2017.
             Slain by a slime creature (12 damage)
             ... in the Dungeon (Sprint I: "Red Sonja").
             The game lasted 00:03:00 (358 turns).

Hoebsumo the Blocker (Minotaur Fighter)              Turns: 358, Time: 00:03:01

Health: -3/61      AC:  8    Str: 23    XL:     6   Next: 4%
Magic:  5/5        EV:  8    Int:  5    God:
Gold:   162        SH: 11    Dex:  9    Spells: 0 memorised, 5 levels left

rFire  . . .     SeeInvis .     l - +4 dagger (venom)
rCold  . . .     Gourm    .     b - +0 scale mail
rNeg   . . .     Faith    .     c - +0 shield
rPois  .         Spirit   .     (helmet restricted)
rElec  .         Reflect  .     (no cloak)
rCorr  .         Harm     .     (no gloves)
MR     .....     NoTele   +     (no boots)
Stlth  ..........               (no amulet)
                                (no ring)
                                (no ring)

@: no status effects
A: retaliatory headbutt, horns 2
a: no special abilities


You were in the Dungeon.
You were not hungry.

You visited 1 branch You collected 162 gold pieces.

Inventory:

Hand Weapons
 a - a +0 long sword
 l - a +4 dagger of venom (weapon)
Armour
 b - a +0 scale mail (worn)
 c - a +0 shield (worn)
Scrolls
 k - a scroll of blinking
Potions
 d - a potion of might
 e - a potion of curing
 g - a potion of heal wounds
 h - a potion of haste
 i - 2 potions of magic
 j - a potion of berserk rage
Comestibles
 f - a bread ration


   Skills:
 + Level 8.2 Fighting
 + Level 1.4(3.8) Short Blades
 + Level 6.2(6.3) Long Blades
 + Level 9.0 Armour
 + Level 0.3 Stealth
 + Level 9.0 Shields


You had 5 spell levels left.
You didn't know any spells.

Dungeon Overview and Level Annotations

Branches:
Dungeon (1/1)

Altars:
Makhleb
Xom
Jiyva
Lugonu


Innate Abilities, Weirdness & Mutations

You reflexively headbutt those who attack you in melee.
You have a pair of horns on your head.


Message History

You hit the slime creature. You headbutt the slime creature.
The slime creature is moderately wounded.
The slime creature hits you!
* * * LOW HITPOINT WARNING * * *
The slime creature jiggles.
There is an open door here.
Things that are here:
a robe; a scythe; a giant spiked club
Okay, then.
You are a level 6 Minotaur Fighter.
You are 4% of the way to level 7.
Play time: 00:02:58 (357 turns)
The slime creature barely misses you.
There is an open door here.
You are a level 6 Minotaur Fighter.
You are 4% of the way to level 7.
Play time: 00:03:00 (358 turns)
You hit the slime creature.
The slime creature is poisoned.
You headbutt the slime creature.
The slime creature is heavily wounded.
The slime creature hits you!
You die...

###################
#<.#..'..#.[@J.#__#
#..'..#..'..#..'..+
#..#####'#####+#__#
#..# #..# ### #..#
#### #..# #⌠⌠# ####


You could see a slime creature.

Vanquished Creatures
  Sigmund (D)
  An ogre (D)
  Ijyb (D)
3 creatures vanquished.

Notes
Turn   | Place    | Note
-------+----------+-------------------------------------------
     0 | D        | Hoebsumo the Minotaur Fighter began the quest for the Orb.
     0 | D        | Reached XP level 1. HP: 19/19 MP: 0/0
    12 | D        | Noticed Ijyb
    20 | D        | Killed Ijyb
    20 | D        | Reached skill level 5 in Fighting
    20 | D        | Reached skill level 5 in Armour
    20 | D        | Reached skill level 5 in Shields
    20 | D        | Reached XP level 2. HP: 18/29 MP: 1/1
   294 | D        | Noticed an ogre
   298 | D        | Killed an ogre
   298 | D        | Reached skill level 5 in Long Blades
   298 | D        | Reached XP level 3. HP: 29/38 MP: 2/2
   298 | D        | Reached XP level 4. HP: 35/45 MP: 3/3
   312 | D        | Noticed Sigmund
   325 | D        | Killed Sigmund
   325 | D        | Reached skill level 1 in Short Blades
   325 | D        | Reached XP level 5. HP: 25/53 MP: 4/4
   325 | D        | Reached XP level 6. HP: 28/61 MP: 5/5
   345 | D        | Found a burning altar of Makhleb.
   345 | D        | Found a viscous altar of Jiyva.
   345 | D        | Found a shimmering altar of Xom.
   345 | D        | Found a corrupted altar of Lugonu.
   345 | D        | Noticed a slime creature
   358 | D        | Slain by a slime creature

Skill      XL: |  1  2  3  4 |
---------------+-------------+-----
Fighting       | 5 6 8 |  8.2
Long Blades    | 3 5 6 |  6.2
Armour         | 5 7 9 |  9.0
Shields        | 5 6 9 |  9.0
Short Blades   | 1 |  1.4
Stealth        | |  0.3

Action                   |  1- 3 |  4- 6 || total
-------------------------+-------+-------++-------
Melee: Long sword        |     7 |       ||     7
       Headbutt          |     2 |     4 ||     6
       Dagger            |     3 |    18 ||    21
Armor: Scale mail        |     1 |     1 ||     2
Dodge: Dodged            |     2 |     4 ||     6
Block: Shield            |     5 |     4 ||     9
